 Dungeon Sprint DCSS version 0.29-a0-1023-g6ae1a4a2c7 (webtiles) character file.

Game seed: 4365617281012354637

26411 ragingrage the Severer (level 13, -1/111 HPs)
             Began as a Formicid Monk on Aug 11, 2022.
             Was a Priest of Ru.
             Slain by an acid blob (30 damage)
             ... in the Dungeon (Sprint V: "Ziggurat Sprint").
             The game lasted 00:06:45 (808 turns).

ragingrage the Severer (Formicid Monk)               Turns: 808, Time: 00:06:46

Health: -1/111     AC: 15    Str: 20    XL:     13   Next: 57%
Magic:  0/13       EV:  2    Int:  4    God:    Ru [***...]
Gold:   0          SH: 32    Dex: 16    Spells: 12/12 levels left

rFire   + . .      SeeInvis +   A - +14 obsidian axe {vorpal, Mesm Drain Fly SInv}
rCold   + + .      Faith    .   C - +18 shield of the Gong {rElec rN+ Will+ EV-5}
rNeg    + . .      Spirit   +   a - +5 gold dragon scales
rPois   +          Reflect  .   (helmet unavailable)
rElec   +          Harm     .   (no cloak)
rCorr   .          Rampage  +   (no gloves)
Will    ++++.                   u - +2 pair of boots {rampage}
Stlth   ..........              D - amulet of the Messenger {Spirit Will+}
HPRegen 0.00/turn               r - ring of Ascent {AC+4 Int-5 Slay+5 SInv Stlth+}
MPRegen 0.13/turn               q - ring "Coroog" {Contam rC+ Will+ AC+4 Stlth+}

@: corroded, flying, mesmerised, inhibited regen, studying Polearms, unable to
read
A: permanent stasis, dig shafts and tunnels, antennae 3, inability to read while
threatened 2, no stealth, unskilled 1, four strong arms, inhibited regeneration,
weak 1
a: Dig, Renounce Religion, Draw Out Power


You were in the Dungeon.
You worshipped Ru.
Ru was most pleased with you.
You visited 1 branch

Inventory:

Hand Weapons
 z - the +9 heavy crossbow "Sniper" {vorpal, Acc+∞ SInv}
   (You found it in the Dungeon)

   Any ammunition fired from it inflicts extra damage upon your enemies.
   Any ammunition fired from it never misses its target.
   SInv:      It lets you see invisible.
 A - the +14 obsidian axe (weapon) {vorpal, Mesm Drain Fly SInv}
   (You found it in the Dungeon)

   It inflicts extra damage upon your enemies.
   It occasionally summons demons to assist the wielder when it strikes in
   combat.
   Its wielder is mesmerised by any visible foes.
   It cannot be unequipped while any foes are visible.
   SInv:      It lets you see invisible.
   Fly:       It grants you flight.
   Drain:     It drains your maximum health when unequipped.
Armour
 a - +5 gold dragon scales (worn)
 u - a +2 pair of boots of rampaging (worn)
 B - the +15 Maxwell's patent armour {-Cast -Tele rElec Will+ rCorr}
   (You found it in the Dungeon)

   rElec:     It insulates you from electricity.
   -Cast:     It prevents spellcasting.
   -Tele:     It prevents most forms of teleportation.
   rCorr:     It protects you from acid and corrosion.
   Will:      It increases your willpower.
 C - the +18 shield of the Gong (worn) {rElec rN+ Will+ EV-5}
   (You found it in the Dungeon)

   It is deafeningly noisy when blocking attacks.
   EV:        It affects your evasion (-5).
   rElec:     It insulates you from electricity.
   rN:        It protects you from negative energy.
   Will:      It increases your willpower.
Jewellery
 j - a ring of the Octopus King {HP+2 AC+2 EV+2 SH+2 SInv}
   (You found it in the Dungeon)

   [ring of see invisible]

   AC:        It affects your AC (+2).
   EV:        It affects your evasion (+2).
   HP:        It affects your health (+2).
   SInv:      It lets you see invisible.
   SH:        It affects your SH (+2).
 q - the ring "Coroog" (right hand) {Contam rC+ Will+ AC+4 Stlth+}
   (You found it in the Dungeon)

   [ring of protection]

   AC:        It affects your AC (+4).
   rC:        It protects you from cold.
   Contam:    It causes magical contamination when unequipped.
   Will:      It increases your willpower.
   Stlth:     It makes you more stealthy.
 r - the ring of Ascent (left hand) {AC+4 Int-5 Slay+5 SInv Stlth+}
   (You found it in the Dungeon)

   [ring of protection]

   AC:        It affects your AC (+4).
   Int:       It affects your intelligence (-5).
   Slay:      It affects your accuracy & damage with ranged weapons and melee
   (+5).
   SInv:      It lets you see invisible.
   Stlth:     It makes you more stealthy.
 s - the ring of Yredelemnul's Favour {Fly rElec rC+ rN+ Dex+4}
   (You found it in the Dungeon)

   [ring of flight]

   Dex:       It affects your dexterity (+4).
   rC:        It protects you from cold.
   rElec:     It insulates you from electricity.
   rN:        It protects you from negative energy.
   Fly:       It grants you flight.
 D - the amulet of the Messenger (around neck) {Spirit Will+}
   (You found it in the Dungeon)

   [amulet of guardian spirit]

   It causes incoming damage to be divided between your reserves of health and
   magic.
   Will:      It increases your willpower.
Wands
 w - a wand of mindburst (7)
 x - a wand of iceblast (7)
 y - a wand of light (7)
Scrolls
 l - 4 scrolls of amnesia
 m - 7 scrolls of fog
 n - 5 scrolls of identify
 o - 2 scrolls of fear
 t - 2 scrolls of brand weapon
Potions
 c - a potion of ambrosia
 d - 10 potions of curing
 e - 9 potions of heal wounds
 f - 7 potions of magic
 g - 2 potions of brilliance
 h - 2 potions of invisibility
 i - 4 potions of resistance
 k - 5 potions of might
Miscellaneous
 b - a condenser vane
 p - a phial of floods
 E - a tin of tremorstones (2/2)


   Skills:
 + Level 13.5 Fighting
 * Level 17.7 Axes
 + Level 13.1 Armour
 + Level 11.4 Dodging
 - Level 15.0 Shields


You had 12 spell levels left.
You didn't know any spells.
Your spell library contained the following spells:

 Spells                   Type           Power      Damage    Failure   Level
 Necrotise                Necr           0%         1d4       100%        1
 Sting                    Tmut/Pois      0%         1d3       100%        1
 Summon Small Mammal      Summ           0%         N/A       100%        1
 Passwall                 Tmut/Erth      0%         N/A       100%        2
 Poisonous Vapours        Pois/Air       0%         N/A       100%        2
 Call Canine Familiar     Summ           0%         N/A       100%        3
 Confusing Touch          Hex            0%         N/A       100%        3
 Ignite Poison            Fire/Tmut/Pois 0%         N/A       100%        3
 Lesser Beckoning         Tloc           0%         N/A       100%        3
 Mephitic Cloud           Conj/Pois/Air  0%         N/A       100%        3
 Summon Guardian Golem    Hex/Summ       0%         N/A       100%        3
 Vampiric Draining        Necr           0%         2d6       100%        3
 Iskenderun's Mystic Bla  Conj/Tloc      0%         2d3       100%        4
 Olgreb's Toxic Radiance  Pois           0%         N/A       100%        4
 Summon Lightning Spire   Summ/Air       0%         N/A       100%        4
 Agony                    Necr           0%         N/A       100%        5
 Freezing Cloud           Conj/Ice/Air   0%         6-21      100%        5
 Irradiate                Conj/Tmut      0%         3d11      100%        5
 Iskenderun's Battlesphe  Conj           0%         2d6       100%        5
 Manifold Assault         Tloc           0%         N/A       100%        5
 Summon Forest            Summ/Tloc      0%         N/A       100%        5
 Yara's Violent Unravell  Hex/Tmut       0%         3d3       100%        5
 Iron Shot                Conj/Erth      0%         9d1       100%        6
 Enfeeble                 Hex            0%         N/A       100%        7
 Malign Gateway           Summ/Tloc      0%         N/A       100%        7
 Spellforged Servitor     Conj/Summ      0%         N/A       100%        7
 Storm Form               Tmut/Air       0%         N/A       100%        7
 Maxwell's Capacitive Co  Air            0%         ∞         100%        8


Dungeon Overview and Level Annotations

Branches:
Dungeon (1/1)

Altars:
Ashenzari
Cheibriados
Dithmenos
Elyvilon
Fedhas
Gozag
Hepliaklqana
Kikubaaqudgha
Makhleb
Nemelex Xobeh
Okawaru
Qazlal
Ru
Sif Muna
Trog
Uskayaw
Vehumet
Wu Jian
Xom
Yredelemnul
Zin
The Shining One
Jiyva
Lugonu

Annotations:
D 1 transporter


Innate Abilities, Weirdness & Mutations

You cannot be hasted, slowed, berserked, paralysed or teleported.
You can dig through walls and to a lower floor.
You have a pair of large antennae on your head. (SInv)
You sometimes lose the ability to read scrolls when taking damage.
You cannot be stealthy.
You are somewhat unskilled. (-1 Apt)
Your four strong arms can wield two-handed weapons with a shield.
You do not regenerate when monsters are visible.
You are weak. (Str -2)


Message History

You hit the quicksilver ooze but do no damage.
Your lungs strain for air!
Your chaos spawn hits the quicksilver ooze!
The quicksilver ooze suddenly seems more agile.
Two slime creatures merge to form a large slime creature.
You block the quicksilver ooze's attack.
PANG!
You block the quicksilver ooze's attack.
BONNNG!
Your soul eater hits the quicksilver ooze!!
You block the acid blob's attack.
BOUMMMMG!
You hit the quicksilver ooze.
The quicksilver ooze is severely wounded.
You slash the acid blob! The acid corrodes you!
Your hands burn!
You slash the large slime creature! You hit the acid blob but do no damage.
Your hands burn!
Visions of slaying the acid blob flood into your mind.
Your lungs strain for air!
You block the acid blob's attack.
BONNNG!
You block the quicksilver ooze's attack.
BOUMMMMG!
You block the quicksilver ooze's attack.
BONNNG!
A large slime creature splits.
The large slime creature is stunned by your conviction and fails to attack.
Your soul eater completely misses the quicksilver ooze.
The acid blob spits acid at you. The splash of acid hits you!!
You feel threatened and lose the ability to read scrolls!
The acid corrodes you!
You slash the quicksilver ooze!
You kill the quicksilver ooze!
You gasp with relief as air once again reaches your lungs.
You hit the acid blob.
Your hands burn!
You slash the large slime creature! You slash the acid blob!
Your hands burn!
* * * LOW HITPOINT WARNING * * *
The acid blob hits you!!
You die...

▓.........▓ ▓...†.....▓
▓▓▓▓▓▓▓▓▓▓▓▓▓.▓.....▓.▓
▓....8©8....▓....©....▓
▓..|):}))"..▓▓▓▓▓▓▓▓▓▓▓
▓...|)[!:...▓...8©8...▓
▓...JJGJG...▓..))))...▓
▓....JJJ....▓...))=...▓
▓....4@.....▓......†..▓
▓......3....▓....)....▓
▓...........▓.........▓
▓..▓.....▓..▓.........▓
▓...........▓.▓.....▓.▓
▓.....©.....▓....©....▓
▓▓▓▓▓▓▓▓▓▓▓▓▓▓▓▓▓▓▓▓▓▓▓
▓...8©8...▓...8©8...▓..
▓..=..=)).▓....=|...▓..


You could see 2 acid blobs, a great orb of eyes, a large slime creature (ally
target), 2 slime creatures, a shining eye, an endoplasm, a friendly soul eater
(summoned) and a friendly chaos spawn (summoned).

Vanquished Creatures
  An Ice Fiend (D)
  2 azure jellies (D)
  2 rockslimes (D)
  A quicksilver ooze (D)
  A great orb of eyes (D)
  3 two-headed ogres (D)
  A deep elf knight (D)
  A deep elf archer (D)
  A deep elf pyromancer (D)
  A shining eye (D)
  A cyclops (D)
  2 freezing wraiths (D)
  A troll (D)
  3 wind drakes (D)
  A polar bear (D)
  A tarantella (D)
  2 air elementals (D)
  A water elemental (D)
  A golden eye (D)
  A water moccasin (D)
  An ogre (D)
  A phantom (D)
  A necrophage (D)
  A scorpion (D)
  A wight (D)
  3 white imps (D)
  An adder skeleton (D)
  A ball python (D)
  A ball python skeleton (D)
  A giant cockroach simulacrum (D)
  A giant cockroach zombie (D)
41 creatures vanquished.

Vanquished Creatures (collateral kills)
  An azure jelly (D)
  A deep elf demonologist (D)
  A great orb of eyes (D)
  2 two-headed ogres (D)
  A cyclops (D)
  A hellion (D)
  2 slime creatures (D)
  3 air elementals (D)
  A water moccasin (D)
  A necrophage (D)
  A scorpion (D)
  An adder (D)
  2 adder skeletons (D)
  2 bat skeletons (D)
  2 bat zombies (D)
  An endoplasm (D)
  A ball python skeleton (D)
  4 ball python zombies (D)
  2 jackal simulacra (D)
  A jackal skeleton (D)
  A quokka skeleton (D)
32 creatures vanquished.

Vanquished Creatures (others)
  A jelly (D)
  2 bat simulacra (D)
3 creatures vanquished.

Grand Total: 76 creatures vanquished

Notes
Turn   | Place    | Note
-------+----------+-------------------------------------------
     0 | D        | ragingrage the Formicid Monk began the quest for the Orb.
     0 | D        | Reached XP level 1. HP: 18/18 MP: 1/1
     0 | D        | Found a shimmering blue altar of Sif Muna.
     0 | D        | Found a bloodstained altar of Trog.
     0 | D        | Found a sacrificial altar of Ru.
     0 | D        | Found a stormy altar of Qazlal.
     0 | D        | Found an iron altar of Okawaru.
     1 | D        | Found a sparkling altar of Nemelex Xobeh.
     1 | D        | Found a blossoming altar of Fedhas.
     1 | D        | Found the +6 Majin-Bo {vamp, MP+6 Int+6}
     1 | D        | Found the +9 heavy crossbow "Sniper" {vorpal, Acc+∞ SInv}
     1 | D        | Found the +10 dark maul {vorpal}
     1 | D        | Found the +15 Maxwell's patent armour {-Cast -Tele rElec
                  | Will+ rCorr}
     1 | D        | Found the +18 shield of the Gong {rElec rN+ Will+ EV-5}
     1 | D        | Found the +14 obsidian axe {vorpal, Mesm Drain Fly SInv}
     1 | D        | Found the +7 great mace "Firestarter" {inner flame, rF++}
     1 | D        | Found the +6 shillelagh "Devastator" {shatter}
     1 | D        | Found the +11 plutonium sword {Contam Stlth-}
     1 | D        | Found the +8 lance "Wyrmbane" {slay drac, rPois rF+ rC+
                  | AC+3}
     1 | D        | Found the +9 sword of Zonguldrok {reap}
     1 | D        | Found the +13 scythe of Curses {drain, Drain}
     1 | D        | Found the +5 sword of Power {vorpal}
     1 | D        | Found the +7 mace of Variability {chain chaos}
     1 | D        | Found the +7 Singing Sword {vorpal, sonic wave}
     1 | D        | Found the +8 storm bow {elec, penet}
     3 | D        | Found a transporter.
     3 | D        | Found an ancient bone altar of Kikubaaqudgha.
     3 | D        | Found a viscous altar of Jiyva.
     3 | D        | Found a corrupted altar of Lugonu.
     3 | D        | Found a hazy altar of Hepliaklqana.
     3 | D        | Found a burning altar of Makhleb.
     3 | D        | Found an opulent altar of Gozag.
    91 | D        | Became a worshipper of Ru the Awakened
   101 | D        | Entered arena 2.
   101 | D        | Found a transporter.
   111 | D        | Gained mutation: You cannot be stealthy. [Ru sacrifice]
   114 | D        | Entered arena 3.
   114 | D        | Noticed a scorpion
   114 | D        | Noticed a scorpion
   114 | D        | Noticed a tarantella
   114 | D        | Found a transporter.
   117 | D        | Killed a scorpion
   118 | D        | Reached skill level 8 in Axes
   118 | D        | Reached XP level 2. HP: 24/24 MP: 2/2
   118 | D        | Reached XP level 3. HP: 29/29 MP: 3/3
   118 | D        | Reached XP level 4. HP: 35/35 MP: 4/4
   118 | D        | Killed a tarantella
   118 | D        | Killed a scorpion
   119 | D        | Reached skill level 13 in Axes
   119 | D        | Reached XP level 5. HP: 41/41 MP: 5/5
   119 | D        | Reached XP level 6. HP: 47/47 MP: 6/6
   130 | D        | Entered arena 4.
   130 | D        | Noticed a water moccasin
   130 | D        | Noticed a water moccasin
   130 | D        | Found a transporter.
   133 | D        | Killed a water moccasin
   134 | D        | Reached skill level 14 in Axes
   134 | D        | Reached XP level 7. HP: 52/52 MP: 7/7
   134 | D        | Killed a water moccasin
   135 | D        | Reached skill level 15 in Axes
   148 | D        | Entered arena 5.
   148 | D        | Found a transporter.
   158 | D        | Entered arena 6.
   158 | D        | Noticed a polar bear
   158 | D        | Found a transporter.
   167 | D        | Killed a polar bear
   168 | D        | Reached skill level 16 in Axes
   168 | D        | Reached XP level 8. HP: 53/58 MP: 8/8
   171 | D        | Got the ring "Coroog" {Contam rC+ Will+ AC+4 Stlth+}
   175 | D        | Got the Lectures on Transposed Transmutation
   179 | D        | Entered arena 7.
   179 | D        | Noticed an air elemental
   179 | D        | Noticed a deep elf pyromancer
   179 | D        | Noticed a water elemental
   179 | D        | Noticed a deep elf knight
   179 | D        | Noticed a deep elf archer
   179 | D        | Noticed a deep elf demonologist
   180 | D        | Found a transporter.
   182 | D        | Noticed a red devil
   182 | D        | Noticed a ynoxinul
   182 | D        | Killed an air elemental
   183 | D        | Reached skill level 17 in Axes
   183 | D        | Killed a deep elf pyromancer
   183 | D        | Killed a deep elf demonologist
   184 | D        | Reached skill level 18 in Axes
   184 | D        | Reached skill level 5 in Armour
   184 | D        | Reached skill level 5 in Dodging
   184 | D        | Reached XP level 9. HP: 66/69 MP: 9/9
   188 | D        | Killed a deep elf archer
   190 | D        | Killed a deep elf knight
   191 | D        | Reached XP level 10. HP: 76/80 MP: 10/10
   203 | D        | Entered arena 8.
   203 | D        | Found the -2 hat of the Alchemist {rElec rPois rF+ rC+ rN+
                  | Will+ rMut rCorr}
   204 | D        | Found a transporter.
   214 | D        | Got the ring of Ascent {AC+4 Int-5 Slay+5 SInv Stlth+}
   219 | D        | Got the ring of Yredelemnul's Favour {Fly rElec rC+ rN+
                  | Dex+4}
   231 | D        | Entered arena 9.
   232 | D        | Found a transporter.
   235 | D        | Gained mutation: You occasionally lose the ability to read
                  | scrolls when taking damage. [Ru sacrifice]
   235 | D        | Gained mutation: You sometimes lose the ability to read
                  | scrolls when taking damage. [Ru sacrifice]
   235 | D        | Reached * piety under Ru
   235 | D        | Reached ** piety under Ru
   241 | D        | Reached skill level 10 in Shields
   261 | D        | Got Ejasotz's Papyrus of Friendly Coordinates
   267 | D        | Entered arena 10.
   268 | D        | Found a transporter.
   281 | D        | Got the amulet of the Messenger {Spirit Will+}
   289 | D        | Entered arena 11.
   289 | D        | Found the +8 demon trident "Rift" {distort, reach+}
   289 | D        | Noticed a cyclops
   289 | D        | Noticed a two-headed ogre
   289 | D        | Noticed a two-headed ogre
   289 | D        | Noticed a two-headed ogre
   289 | D        | Noticed a two-headed ogre
   289 | D        | Noticed a two-headed ogre
   289 | D        | Noticed a cyclops
   290 | D        | Found a transporter.
   291 | D        | Killed a two-headed ogre
   292 | D        | Reached skill level 10 in Fighting
   294 | D        | Killed a two-headed ogre
   295 | D        | Reached XP level 11. HP: 76/92 MP: 11/11
   295 | D        | Killed a cyclops
   296 | D        | Reached skill level 10 in Armour
   296 | D        | Killed a two-headed ogre
   296 | D        | Killed a two-headed ogre
   298 | D        | Killed a two-headed ogre
   299 | D        | Reached skill level 10 in Dodging
   299 | D        | Gained mutation: You are somewhat unskilled. (-1 Apt) [Ru
                  | sacrifice]
   299 | D        | Reduced skill Fighting to level 10
   299 | D        | Reduced skill Axes to level 16
   299 | D        | Reduced skill Armour to level 10
   299 | D        | Reached *** piety under Ru
   299 | D        | Killed a cyclops
   303 | D        | Got the ring of Goicumal {Wiz +Blink rF++ Will- rCorr}
   314 | D        | Entered arena 12.
   314 | D        | Found the +6 lightning scales {swift, rElec}
   314 | D        | Noticed an azure jelly
   314 | D        | Noticed an Ice Fiend
   315 | D        | Noticed an azure jelly
   316 | D        | Found a transporter.
   324 | D        | Killed an azure jelly
   326 | D        | HP: 2/93 [azure jelly (5)]
   330 | D        | Killed an azure jelly
   331 | D        | Reached skill level 10 in Dodging
   331 | D        | Reached XP level 12. HP: 46/102 MP: 0/12
   335 | D        | Killed an Ice Fiend
   419 | D        | Reached XP level 13. HP: 53/109 MP: 13/13
   617 | D        | Entered arena 13.
   617 | D        | Found the ring of the Octopus King {HP+2 AC+2 EV+2 SH+2
                  | SInv}
   617 | D        | Noticed a rockslime
   617 | D        | Noticed a rockslime
   618 | D        | Noticed an azure jelly
   618 | D        | Noticed a great orb of eyes
   618 | D        | Noticed a great orb of eyes
   619 | D        | Found a transporter.
   623 | D        | Killed a rockslime
   628 | D        | Killed a great orb of eyes
   629 | D        | Reached skill level 17 in Axes
   630 | D        | Killed a rockslime
   631 | D        | Killed an azure jelly
   632 | D        | Reached skill level 15 in Shields
   635 | D        | Killed a great orb of eyes
   644 | D        | Got a ring of the Octopus King {HP+2 AC+2 EV+2 SH+2 SInv}
   649 | D        | Got the ring of Ronwoxt {Wiz rElec Str+4 Int+3}
   800 | D        | Entered arena 14.
   801 | D        | Noticed an acid blob
   801 | D        | Noticed an acid blob
   802 | D        | Noticed a quicksilver ooze
   802 | D        | Noticed a great orb of eyes
   802 | D        | Found a transporter.
   803 | D        | Gained mutation: You are weak. (Str -2) [a shining eye]
   805 | D        | Gained mutation: You do not regenerate when monsters are
                  | visible. [a shining eye]
   808 | D        | Killed a quicksilver ooze
   808 | D        | Slain by an acid blob

Illustrated notes

Levels and vault maps discovered:
D:        sprint_v [room_start, room_1, room_2, room_3, room_4, room_5, room_6,
          room_7, room_8, room_9, room_10, room_11, room_12, room_13, room_14,
          room_15, room_16, room_17, room_18, room_19, room_20, room_21,
          room_22, room_23, room_24, room_25, room_26, room_27]

Skill      XL: |  1  2  3  4  5  6  7  8  9 10 11 12 13 |
---------------+----------------------------------------+-----
Stealth        | 0 |  0.0
Axes           | 8 13 14 16 18 16 17 | 17.7
Fighting       | 6 8 10 12 13 | 13.5
Armour         | 5 7 9 11 12 13 | 13.1
Dodging        | 5 6 8 10 11 | 11.4
Shields        | 6 8 11 13 14 15 | 15.0

Action                   |  1- 3 |  4- 6 |  7- 9 | 10-12 | 13-15 || total
-------------------------+-------+-------+-------+-------+-------++-------
Melee: Broad axe         |     3 |     1 |    18 |    35 |    21 ||    78
Invok: Sacrifice Stealth |     1 |       |       |       |       ||     1
       Sacrifice Words   |       |       |       |     1 |       ||     1
       Sacrifice Skill   |       |       |       |     1 |       ||     1
Evoke: Condenser vane    |       |       |       |     1 |       ||     1
  Use: Potion            |       |       |       |     6 |       ||     6
 Stab: Distracted        |       |       |     1 |     1 |     1 ||     3
Armor: Plate armour      |     2 |       |    10 |       |       ||    12
       Gold dragon scale |       |       |       |    48 |     8 ||    56
Dodge: Dodged            |       |       |     1 |     2 |     2 ||     5
Block: Kite shield       |     8 |     2 |    19 |    67 |    25 ||   121

Table legend: (Time is in decaauts)
 A = Elapsed time spent in this place.
 B = Non-inter-level travel time spent in this place.
 C = Inter-level travel time spent in this place.
 D = Time resting spent in this place.
 E = Time spent auto-exploring this place.
 F = Levels seen in this place.
 G = Mean time per level.
                   A        B        C        D        E       F      G
               +--------+--------+--------+--------+--------+-----+--------+
         Total |    794 |    787 |      7 |    387 |      0 |   1 |  794.0 |
       Dungeon |    794 |    787 |      7 |    387 |      0 |   1 |  794.0 |
               +--------+--------+--------+--------+--------+-----+--------+

Top non-repeatable levels by time:
       D: 794 daAuts
